[Event "Titled Tuesday Blitz November 29 Late 2022"]
[White "Mahdavi, Reza"]
[Black "Jobava, Baadur"]
[WhiteFideId "12595926"]
[BlackFideId "13601520"]
[WhiteElo "2240"]
[BlackElo "2582"]
[Result "0-1"]
[Round "06"]
[TimeControl "180+1"]
[Date "2022.11.30"]
[WhiteClock "0:00:07"]
[BlackClock "0:00:07"]

1. e4 d6 2. d4 Nf6 3. Nc3 e5 4. dxe5 dxe5 5. Qxd8+ Kxd8 6. Bg5 c6 7. O-O-O+ Ke8 8. f4 Nbd7 9. fxe5 Nxe5 10. Nf3 Nxf3 11. gxf3 Be6 12. Be2 Bc5 13. e5 Nd5 14. Ne4 Be3+ 15. Bxe3 Nxe3 16. Rd3 Nc4 17. Nd6+ Nxd6 18. Rxd6 Ke7 19. Rhd1 g5 20. b3 Rad8 21. Rxd8 Rxd8 22. Rxd8 Kxd8 23. Kd2 Ke7 24. Ke3 Bf5 25. Bd3 Ke6 26. f4 Bxd3 27. cxd3 Kf5 28. fxg5 Kxg5 29. Ke4 h5 30. h3 c5 31. a3 a5 32. a4 b6 33. Kd5 Kf4 34. Kd6 h4 35. Kd5 Kg3 36. Kd6 Kf4 37. Kd5 Ke3 38. Kd6 Kd4 39. Kc6 Kxe5 40. Kxb6 f5 41. Kxa5 f4 42. Kb6 f3 0-1


[Site "https://www.chess.com"]

[Event "Titled Tuesday Blitz November 29 Late 2022"]
[White "Marcolino, Daniel Mattos"]
[Black "Rosenberg, Evan S"]
[WhiteFideId "2106841"]
[BlackFideId "2019299"]
[WhiteElo "2117"]
[BlackElo "2358"]
[Result "1-0"]
[Round "06"]
[TimeControl "180+1"]
[Date "2022.11.30"]
[WhiteClock "0:01:27"]
[BlackClock "0:00:08"]

1. d4 d5 2. Nf3 Bf5 3. g3 e6 4. Bg2 Nf6 5. c4 c6 6. Nc3 h6 7. Qb3 Qb6 8. c5 Qxb3 9. axb3 Nbd7 10. b4 b6 11. O-O Be7 12. Ra2 O-O 13. Bf4 g5 14. Be5 Nxe5 15. Nxe5 Rfc8 16. Rfa1 bxc5 17. bxc5 Rc7 18. Ra6 Ne4 19. Nxe4 Bxe4 20. Bxe4 dxe4 21. Nxc6 Bf6 22. e3 Kg7 23. b4 Rb7 24. Rxa7 Raxa7 25. Rxa7 Rxa7 26. Nxa7 Bd8 27. b5 Kf8 28. b6 Ke7 29. b7 Bc7 30. Nc6+ Kd7 31. b8=Q Bxb8 32. Nxb8+ Kc7 33. Na6+ Kc6 34. Kf1 f5 35. Ke2 h5 36. Kd2 h4 37. gxh4 gxh4 38. Nb4+ Kb5 39. Nc2 e5 40. h3 f4 41. dxe5 Kxc5 42. exf4 Kd5 43. Ke3 Ke6 44. Kxe4 Kf7 45. f5 Kg8 46. e6 Kh8 47. Ke5 Kg8 48. Kd6 Kf8 49. Kd7 Kg8 50. e7 Kf7 51. e8=Q+ Kf6 52. Qe6+ Kg5 53. Qg6+ Kf4 54. f6 Kf3 55. f7 Ke2 56. f8=Q Kf1 57. Ne3+ Ke2 58. Qg4+ Ke1 59. Qfb4+ Kxf2 60. Qg2+ Kxe3 61. Qbe4# 1-0


[Site "https://www.chess.com"]

[Event "Titled Tuesday Blitz November 29 Late 2022"]
[White "Marin Ramirez, Gerardo"]
[Black "Besedes, Danilo"]
[WhiteFideId "3901068"]
[BlackFideId "946796"]
[WhiteElo "2041"]
[BlackElo "2352"]
[Result "1-0"]
[Round "06"]
[TimeControl "180+1"]
[Date "2022.11.30"]
[WhiteClock "0:00:27"]
[BlackClock "0:00:13"]

1. d4 e5 2. dxe5 Nc6 3. Nf3 Qe7 4. Qd5 f6 5. exf6 Nxf6 6. Qb3 d5 7. c3 Qf7 8. Bg5 Ne4 9. Bh4 Bc5 10. e3 O-O 11. Be2 g5 12. Bg3 g4 13. Nbd2 gxf3 14. Nxe4 Bb6 15. Bxf3 dxe4 16. Qxf7+ Rxf7 17. Bxe4 Be6 18. O-O Rd8 19. a4 a5 20. b4 axb4 21. cxb4 Nxb4 22. Bxb7 c5 23. Bf3 Ra7 24. Rfc1 Bb3 25. a5 Bc7 26. Rxc5 Bxg3 27. hxg3 Bf7 28. Rb5 Nd5 29. Rd1 Rad7 30. a6 Nc3 31. Rxd7 Rxd7 32. Rb7 Be8 33. a7 1-0


[Site "https://www.chess.com"]

[Event "Titled Tuesday Blitz November 29 Late 2022"]
[White "Martinez Reyes, Pedro Ramon"]
[Black "Rorrer, Grayson"]
[WhiteFideId "3901807"]
[BlackFideId "30944996"]
[WhiteElo "2354"]
[BlackElo "2130"]
[Result "1-0"]
[Round "06"]
[TimeControl "180+1"]
[Date "2022.11.30"]
[WhiteClock "0:00:59"]
[BlackClock "0:01:28"]

1. f4 d5 2. Nf3 Nf6 3. e3 g6 4. b4 Bg7 5. Bb2 O-O 6. Be2 a5 7. b5 c5 8. a4 Bf5 9. O-O Nbd7 10. h3 Ne4 11. Bxg7 Kxg7 12. Qe1 Ndf6 13. d3 Nd6 14. Nbd2 Bd7 15. Ne5 Nf5 16. Bf3 e6 17. g4 Nd6 18. g5 Ng8 19. h4 f6 20. Ng4 h5 21. gxf6+ Nxf6 22. Ne5 Nf5 23. Bg2 Ng4 24. Ndf3 Nxe5 25. Nxe5 Nxh4 26. Nxd7 Qxd7 27. Qxh4 Qd6 28. Qg3 Kh7 29. Rf2 Rf6 30. Raf1 Raf8 31. Bh3 g5 32. Qh2 g4 33. Bxg4 Rg8 34. Rg2 Rh6 35. Bf3 Rhg6 36. Qxh5+ 1-0


[Site "https://www.chess.com"]

[Event "Titled Tuesday Blitz November 29 Late 2022"]
[White "Mekhitarian, Krikor Sevag"]
[Black "Petrovic, Aleksa"]
[WhiteFideId "2107660"]
[BlackFideId "967629"]
[WhiteElo "2604"]
[BlackElo "2224"]
[Result "1-0"]
[Round "06"]
[TimeControl "180+1"]
[Date "2022.11.30"]
[WhiteClock "0:00:43"]
[BlackClock "0:00:01"]

1. e4 e6 2. d4 d5 3. Nd2 c5 4. Ngf3 Nc6 5. exd5 exd5 6. Bb5 Nf6 7. O-O Be7 8. dxc5 Bxc5 9. Re1+ Be6 10. Nb3 Bb6 11. Nbd4 O-O 12. Bxc6 bxc6 13. Rxe6 fxe6 14. Nxe6 Qe7 15. Nxf8 Ng4 16. Bg5 Bxf2+ 17. Kh1 Qxf8 18. h3 Nf6 19. Bxf6 Qxf6 20. c3 Bc5 21. Qe2 Bd6 22. Re1 Qf4 23. Qe6+ Kh8 24. Qd7 Rf8 25. Qxc6 Qg3 26. Re8 h5 27. Rxf8+ Bxf8 28. Qxd5 Bd6 29. Qxh5+ Kg8 30. Qe8+ Kh7 31. Qe4+ Kg8 32. Qe1 Qg6 33. Nd4 Kh7 34. Qh4+ Kg8 35. Qe1 Kh7 36. a4 Bg3 37. Qd1 Qe4 38. Qc2 Qxc2 39. Nxc2 Kg6 40. Kg1 Kf5 41. Kf1 Ke4 42. Ke2 a5 43. Ne3 Bf4 44. Nc4 Kd5 45. Nxa5 Kc5 46. Nb3+ Kc4 47. Nd2+ Kc5 48. Kd3 Kd5 49. b4 Bc7 50. c4+ Kc6 51. Ne4 Kb7 52. c5 Be5 53. Kc4 g5 54. b5 g4 55. hxg4 1-0


[Site "https://www.chess.com"]

[Event "Titled Tuesday Blitz November 29 Late 2022"]
[White "Melikyan, Gnel"]
[Black "Maksimovic, Bojan"]
[WhiteFideId "54109990"]
[BlackFideId "14408120"]
[WhiteElo "2138"]
[BlackElo "2447"]
[Result "1/2-1/2"]
[Round "06"]
[TimeControl "180+1"]
[Date "2022.11.30"]
[WhiteClock "0:00:15"]
[BlackClock "0:00:03"]

1. d4 Nf6 2. c4 g6 3. Nc3 Bg7 4. e4 d6 5. h3 Nbd7 6. Be3 e5 7. d5 Nc5 8. f3 Nh5 9. Nge2 a5 10. g4 Nf4 11. Nxf4 exf4 12. Bxf4 Qh4+ 13. Ke2 h5 14. Bg2 Be5 15. Be3 Qg3 16. Qg1 hxg4 17. hxg4 Rxh1 18. Bxh1 Qxg1 19. Rxg1 b6 20. f4 Bxc3 21. bxc3 Ba6 22. e5 Bxc4+ 23. Kd2 Ke7 24. f5 Rh8 25. Bg5+ Ke8 26. e6 Rh2+ 27. Ke3 Rh3+ 28. Kd2 Rd3+ 29. Kc2 Bxd5 30. Bxd5 Rxd5 31. Rh1 fxe6 32. Rh8+ Kd7 33. Rd8+ Kc6 34. f6 Rxg5 35. f7 Nd7 36. Rxd7 Kxd7 37. f8=Q Rxg4 38. Qf7+ Kc6 39. Qxe6 Rg5 40. Qe4+ Kd7 41. Qf4 Rf5 42. Qg4 Kc6 43. Qxg6 Rc5 44. Kb3 Kb7 45. a4 Kb8 46. Qe4 Kc8 47. c4 Kb8 48. Kc3 Ka7 49. Kb3 Kb8 50. Kc3 Ka7 51. Kb3 Re5 52. Qc6 Kb8 53. Kc3 Re3+ 54. Kd4 Re5 55. Qd7 Kb7 56. Qf7 Rg5 57. Qf3+ Kb8 58. Qf8+ Kb7 59. Qf3+ Kb8 60. Qf8+ Ka7 61. Qe7 Rc5 62. Qd7 Kb7 63. Qe7 Re5 64. Qg7 Re2 65. Qf7 Rd2+ 66. Kc3 Re2 67. Qd5+ Kb8 68. Kd3 Re5 69. Qc6 Rc5 70. Qe8+ Kb7 71. Kd4 Ka7 72. Qd7 Kb7 73. Qg7 Re5 74. Qg2+ Kb8 75. Qg7 Kb7 76. Qg2+ Kb8 77. Qg8+ Kb7 78. Qg2+ 1/2-1/2


[Site "https://www.chess.com"]

[Event "Titled Tuesday Blitz November 29 Late 2022"]
[White "Melkumyan, Hrant"]
[Black "Hambleton, Aman"]
[WhiteFideId "13302485"]
[BlackFideId "2606577"]
[WhiteElo "2604"]
[BlackElo "2538"]
[Result "1-0"]
[Round "06"]
[TimeControl "180+1"]
[Date "2022.11.30"]
[WhiteClock "0:01:07"]
[BlackClock "0:00:02"]

1. d4 Nf6 2. c4 e6 3. Bf4 c5 4. d5 exd5 5. cxd5 d6 6. Nc3 g6 7. e4 Bg7 8. Bb5+ Ke7 9. Nf3 a6 10. Bd3 Re8 11. O-O Kf8 12. Qd2 Bg4 13. Ne1 c4 14. Bc2 b5 15. h3 Bc8 16. a3 Qb6 17. Nf3 Nbd7 18. Rfe1 Bb7 19. Bh6 Rac8 20. Bxg7+ Kxg7 21. Re3 a5 22. Ne2 b4 23. axb4 axb4 24. Ng3 h6 25. Nd4 Nc5 26. Rae1 Rc7 27. Ngf5+ gxf5 28. Nxf5+ Kf8 29. Rg3 Ng8 30. Rxg8+ Kxg8 31. Qxh6 f6 32. Re3 Nxe4 33. Bxe4 Qxe3 34. Qxe3 c3 35. bxc3 bxc3 36. Nxd6 Rd8 37. Qg3+ Kh8 38. Qh4+ Kg8 39. Qxf6 Ba6 40. Qxd8+ 1-0


[Site "https://www.chess.com"]

[Event "Titled Tuesday Blitz November 29 Late 2022"]
[White "Mohammed, Zozek Salah Mohammed"]
[Black "Di Berardino, Diego Rafael"]
[WhiteFideId "4803361"]
[BlackFideId "2105446"]
[WhiteElo "2199"]
[BlackElo "2442"]
[Result "0-1"]
[Round "06"]
[TimeControl "180+1"]
[Date "2022.11.30"]
[WhiteClock "0:00:02"]
[BlackClock "0:00:05"]

1. d4 d5 2. c4 e6 3. Nf3 Nf6 4. g3 Be7 5. Bg2 O-O 6. O-O dxc4 7. Qc2 a6 8. Qxc4 b5 9. Qc2 Bb7 10. Bd2 Be4 11. Qb3 c5 12. dxc5 Nbd7 13. Bb4 a5 14. Bd2 b4 15. c6 Bxc6 16. Rc1 Bd5 17. Qd1 Rc8 18. Be3 Rxc1 19. Qxc1 Ng4 20. Bd4 e5 21. Be3 Nxe3 22. Qxe3 Bc5 23. Qg5 Qb6 24. e3 f6 25. Qf5 Be6 26. Qd3 Rd8 27. Nbd2 Nb8 28. Qe2 a4 29. Rc1 Bxa2 30. Ne4 Be7 31. Nfd2 Qa6 32. Qh5 Bf7 33. Qg4 a3 34. bxa3 bxa3 35. Bf1 Qa5 36. Nc4 Qa7 37. Nc3 Qa6 38. Nxe5 Qe6 39. Qxe6 Bxe6 40. Nc4 Rc8 41. Na2 Nd7 42. Rc3 Kf8 43. f4 f5 44. Kf2 Bf6 45. Rxa3 Bxc4 46. Bxc4 Rxc4 47. Ra7 Ke7 0-1


[Site "https://www.chess.com"]

[Event "Titled Tuesday Blitz November 29 Late 2022"]
[White "Naroditsky, Daniel"]
[Black "Kuzmicz, Krystian"]
[WhiteFideId "2026961"]
[BlackFideId "1119125"]
[WhiteElo "2628"]
[BlackElo "2380"]
[Result "1-0"]
[Round "06"]
[TimeControl "180+1"]
[Date "2022.11.30"]
[WhiteClock "0:00:44"]
[BlackClock "0:00:04"]

1. e4 c5 2. Nf3 e6 3. d4 cxd4 4. Nxd4 Nf6 5. Nc3 Nc6 6. g3 Qb6 7. Nb3 Bb4 8. Bg2 d5 9. exd5 Nxd5 10. Bd2 Nxc3 11. bxc3 Be7 12. O-O O-O 13. Be3 Qc7 14. Qe2 e5 15. Rad1 Be6 16. Nc5 Bxc5 17. Bxc5 Rfd8 18. a3 Rxd1 19. Rxd1 Rd8 20. Re1 Bd5 21. Bxd5 Rxd5 22. Be3 Qa5 23. Qc4 Rd7 24. Bc5 b6 25. Be3 Qd5 26. Qg4 Rd8 27. Bh6 g6 28. Qh4 Rd6 29. Be3 f6 30. Qg4 Qe6 31. Qa4 Qd5 32. h4 Qf3 33. Kh2 h5 34. Qa6 Qf5 35. Qb7 Qd7 36. Qa6 Ne7 37. c4 Nf5 38. c5 bxc5 39. Qc4+ Qe6 40. Qxc5 Rc6 41. Qxa7 Rxc2 42. Rd1 Qc8 43. Bb6 Nd4 44. Bxd4 exd4 45. Qxd4 Rc6 46. a4 Kf7 47. a5 Qe6 48. Qa7+ Ke8 49. Rd3 Ra6 50. Qb8+ Kf7 51. Qb7+ Ke8 52. Re3 1-0


[Site "https://www.chess.com"]

[Event "Titled Tuesday Blitz November 29 Late 2022"]
[White "Necromon"]
[Black "Araujo Sanchez, Josue"]
[BlackFideId "6416896"]
[WhiteElo "2492"]
[BlackElo "2370"]
[Result "0-1"]
[Round "06"]
[TimeControl "180+1"]
[Date "2022.11.30"]
[WhiteClock "0:00:12"]
[BlackClock "0:01:26"]

1. Nf3 d5 2. g3 c6 3. Bg2 Nf6 4. O-O Bf5 5. d4 e6 6. c4 Nbd7 7. Nc3 Be7 8. Qb3 Qb6 9. c5 Qa6 10. Re1 O-O 11. Bf1 b5 12. cxb6 Qxb6 13. Qd1 c5 14. dxc5 Nxc5 15. Nd4 Bg6 16. Be3 Qxb2 17. Nc6 Bd6 18. Bd4 Qb7 19. Na5 Qe7 20. Nc6 Qc7 21. Nb4 a5 22. Bxf6 gxf6 23. Nbxd5 exd5 24. Nxd5 Qd8 25. Qd4 Nd7 26. Red1 Be5 27. Qc4 Bxa1 28. Rxa1 Rc8 29. Qxc8 Qxc8 30. Ne7+ Kg7 31. Nxc8 Rxc8 32. Bh3 Rc7 33. Rd1 Nb6 34. Rd6 Nc4 35. Ra6 Bb1 36. a3 Bc2 37. Kg2 a4 38. Bg4 Nxa3 39. e3 Bb3 0-1


[Site "https://www.chess.com"]

[Event "Titled Tuesday Blitz November 29 Late 2022"]
[White "Nepo"]
[Black "Goncalves, Davi Sulzbacher"]
[BlackFideId "2154510"]
[WhiteElo "2207"]
[BlackElo "2182"]
[Result "1-0"]
[Round "06"]
[TimeControl "180+1"]
[Date "2022.11.30"]
[WhiteClock "0:00:29"]
[BlackClock "0:00:07"]

1. e4 c6 2. d4 d5 3. Nc3 dxe4 4. Nxe4 Nd7 5. Nf3 Ngf6 6. Bd3 Nxe4 7. Bxe4 Nf6 8. Bd3 Bg4 9. c3 Qd5 10. Be2 e6 11. h3 Bh5 12. Be3 Be7 13. O-O O-O 14. Ne5 Bxe2 15. Qxe2 c5 16. Nf3 Rfd8 17. Rfd1 Qe4 18. Qd3 cxd4 19. Qxe4 Nxe4 20. Rxd4 Rxd4 21. Bxd4 f6 22. Re1 f5 23. Ne5 Bf6 24. f3 Nd6 25. Rd1 Nb5 26. f4 Rd8 27. Kf2 Bxe5 28. fxe5 Kf7 29. Ke3 g5 30. g3 h5 31. Rd2 b6 32. a4 Nc7 33. c4 Na6 34. Bc3 Rxd2 35. Bxd2 Nc5 36. a5 Ne4 37. axb6 axb6 38. Be1 Ke7 39. g4 hxg4 40. hxg4 Kd7 41. b4 Kc6 42. Kd4 b5 43. c5 Kd7 44. gxf5 exf5 45. Kd5 g4 46. e6+ Ke8 47. c6 Nf6+ 48. Ke5 1-0


[Site "https://www.chess.com"]

[Event "Titled Tuesday Blitz November 29 Late 2022"]
[White "Novikova, Galina"]
[Black "Sztokbant, Bernardo Vainzoff"]
[WhiteFideId "4157095"]
[BlackFideId "2115956"]
[WhiteElo "1973"]
[BlackElo "2228"]
[Result "0-1"]
[Round "06"]
[TimeControl "180+1"]
[Date "2022.11.30"]
[WhiteClock "0:00:02"]
[BlackClock "0:00:01"]

1. e4 c5 2. Nf3 d6 3. d4 cxd4 4. Nxd4 Nf6 5. Nc3 a6 6. h3 e5 7. Nde2 Be7 8. g4 Be6 9. Bg2 Nbd7 10. Ng3 b5 11. Nd5 Bxd5 12. exd5 Nb6 13. O-O Rc8 14. g5 Nfd7 15. h4 Qc7 16. c3 g6 17. f4 exf4 18. Bxf4 Nc4 19. b3 Nce5 20. Rc1 O-O 21. h5 Nc5 22. Bxe5 dxe5 23. Qg4 Nd3 24. Rc2 Nf4 25. c4 bxc4 26. bxc4 f5 27. gxf6 Rxf6 28. Ne4 Rcf8 29. c5 Nxd5 30. Nxf6+ Nxf6 31. Qe6+ Kg7 32. hxg6 hxg6 33. c6 Qa7+ 34. Rff2 Bc5 35. c7 Bxf2+ 36. Rxf2 Qxc7 37. Re2 Qa7+ 38. Kh2 Rh8+ 39. Bh3 Qc7 40. Rxe5 Rh5 0-1


[Site "https://www.chess.com"]

[Event "Titled Tuesday Blitz November 29 Late 2022"]
[White "Nugumanov, Bakhtiyar"]
[Black "Graif, William"]
[WhiteFideId "13701797"]
[BlackFideId "2609835"]
[WhiteElo "2287"]
[BlackElo "2205"]
[Result "1-0"]
[Round "06"]
[TimeControl "180+1"]
[Date "2022.11.30"]
[WhiteClock "0:00:50"]
[BlackClock "0:00:12"]

1. d4 Nf6 2. c4 e5 3. dxe5 Ng4 4. Nf3 Nc6 5. Bf4 f6 6. h3 Ngxe5 7. e3 Bb4+ 8. Nbd2 d5 9. Nxe5 fxe5 10. Bg3 d4 11. a3 dxe3 12. axb4 exd2+ 13. Qxd2 Qxd2+ 14. Kxd2 Nxb4 15. Bxe5 O-O 16. f3 Be6 17. Kc3 Na6 18. b4 c6 19. Bd3 Rfe8 20. f4 Rac8 21. Be4 b5 22. Rxa6 Bxc4 23. Rxa7 c5 24. Rxg7+ Kf8 25. Rxh7 cxb4+ 26. Kxb4 Bg8 27. Bd6+ Re7 28. Bxe7+ Ke8 29. Bg6+ Kd7 30. Bf5+ Ke8 31. Bxc8 Bxh7 32. Re1 1-0


[Site "https://www.chess.com"]

[Event "Titled Tuesday Blitz November 29 Late 2022"]
[White "O`Gorman, Tom"]
[Black "Girel, Joseph"]
[WhiteFideId "2508249"]
[BlackFideId "36033561"]
[WhiteElo "2271"]
[BlackElo "2281"]
[Result "1-0"]
[Round "06"]
[TimeControl "180+1"]
[Date "2022.11.30"]
[WhiteClock "0:00:12"]
[BlackClock "0:00:02"]

1. d4 Nf6 2. c4 g6 3. Nf3 b6 4. g3 Bb7 5. Bg2 Bg7 6. O-O O-O 7. Nc3 Ne4 8. Qc2 Nxc3 9. Qxc3 c5 10. Be3 d6 11. Qd2 Nd7 12. Bh6 cxd4 13. Bxg7 Kxg7 14. Qxd4+ Nf6 15. Rfd1 Rc8 16. Rac1 Qc7 17. b3 Qc5 18. h3 a6 19. Qb2 b5 20. b4 Qb6 21. cxb5 axb5 22. Qd4 Qa6 23. Rxc8 Rxc8 24. Rd2 Rc4 25. Qb2 e5 26. Rc2 Qc6 27. Rxc4 Qxc4 28. Nd2 Qc7 29. Bxb7 Qxb7 30. Qc3 Qd5 31. a3 h5 32. e3 Qa2 33. Kg2 Qd5+ 34. Kg1 h4 35. g4 Nh7 36. e4 Qa2 37. Nf3 Nf6 38. Qd3 Qc4 39. Qxc4 bxc4 40. a4 c3 41. Ne1 Nxe4 42. a5 Nf6 43. b5 Nd5 44. Kf1 Kf6 45. b6 Nb4 46. Ke2 Ke6 47. Nc2 Nxc2 48. a6 Nd4+ 49. Kd3 c2 50. Kd2 Kd7 51. a7 Kc6 52. a8=Q+ Kxb6 53. Qf8 Kc5 54. Qxf7 Kb4 55. Qb7+ Ka3 56. Kc1 Ka4 57. Qb6 Ka3 58. Qxd6+ Kb3 59. Qb6+ Kc3 60. Qa5+ Kd3 61. Kb2 Ne2 62. Qd5+ Nd4 63. Qxe5 1-0


[Site "https://www.chess.com"]

[Event "Titled Tuesday Blitz November 29 Late 2022"]
[White "Olafsson, Helgi"]
[Black "Yeritsyan, Hayk"]
[WhiteFideId "2300010"]
[BlackFideId "13307320"]
[WhiteElo "2463"]
[BlackElo "2439"]
[Result "1/2-1/2"]
[Round "06"]
[TimeControl "180+1"]
[Date "2022.11.30"]
[WhiteClock "0:00:07"]
[BlackClock "0:00:47"]

1. Nf3 d5 2. d4 Nf6 3. c4 c6 4. e3 e6 5. Nc3 Bd6 6. Qc2 Nbd7 7. Be2 Qe7 8. O-O dxc4 9. a4 O-O 10. Bxc4 e5 11. h3 Re8 12. Ng5 Rf8 13. Bb3 h6 14. Nge4 exd4 15. exd4 Nxe4 16. Nxe4 Nf6 17. Nc3 Bc7 18. Ne2 Be6 19. Bxe6 Qxe6 20. Ra3 Rfe8 21. Re3 Qd6 22. Rxe8+ Rxe8 23. Bf4 Rxe2 24. Bxd6 Rxc2 25. Bxc7 Rxb2 26. Re1 Nd5 27. Re8+ Kh7 28. Bb8 a6 29. Rd8 b5 30. axb5 axb5 31. Rc8 Rc2 32. Bd6 b4 33. Rb8 Rb2 34. Rc8 Rb1+ 35. Kh2 b3 36. Rxc6 b2 37. Ba3 Rc1 38. Rxc1 bxc1=Q 39. Bxc1 Kg6 40. Kg3 Kf5 41. Kf3 h5 42. g4+ hxg4+ 43. hxg4+ Ke6 44. Bd2 g6 45. Ke4 Nc7 46. Ba5 Nd5 47. Bd2 Nc7 48. Ba5 Nd5 49. Bd2 1/2-1/2


[Site "https://www.chess.com"]

[Event "Titled Tuesday Blitz November 29 Late 2022"]
[White "Pakleza, Zbigniew"]
[Black "Keymer, Vincent"]
[WhiteFideId "1119290"]
[BlackFideId "12940690"]
[WhiteElo "2411"]
[BlackElo "2600"]
[Result "1-0"]
[Round "06"]
[TimeControl "180+1"]
[Date "2022.11.30"]
[WhiteClock "0:00:05"]
[BlackClock "0:00:04"]

1. d4 Nf6 2. Nf3 e6 3. Bf4 d5 4. e3 Bd6 5. Bg3 O-O 6. Nbd2 c5 7. c3 Qc7 8. Be2 Nbd7 9. c4 b6 10. Rc1 Bb7 11. O-O Rac8 12. dxc5 Bxg3 13. hxg3 Qxc5 14. Qa4 a5 15. Nb3 Qb4 16. Qxb4 axb4 17. Nfd4 Ra8 18. Ra1 dxc4 19. Bxc4 Rfc8 20. Rfc1 Ne5 21. Bb5 Bd5 22. f3 h5 23. e4 Bxb3 24. Nxb3 Rxc1+ 25. Nxc1 Rc8 26. Nd3 Nxd3 27. Bxd3 Nd7 28. Kf2 Ne5 29. Ke3 Ra8 30. f4 Ng4+ 31. Ke2 e5 32. Bc4 h4 33. Bd5 Rc8 34. gxh4 exf4 35. Kf3 Ne5+ 36. Kxf4 Nd3+ 37. Ke3 Nxb2 38. Rb1 Nc4+ 39. Kd4 Na3 40. Rf1 Rc7 41. g4 Kf8 42. g5 Ke8 43. h5 Nb5+ 44. Ke3 Nd6 45. Kf4 Rc5 46. h6 gxh6 47. gxh6 Kf8 48. Rg1 Rc2 49. h7 Rf2+ 50. Ke3 Rh2 51. Rg8+ Ke7 52. h8=Q Rxh8 53. Rxh8 b3 54. axb3 f5 55. e5 Nf7 56. Rh7 1-0


[Site "https://www.chess.com"]

[Event "Titled Tuesday Blitz November 29 Late 2022"]
[White "Paravyan, David"]
[Black "Steinberg, Nitzan"]
[WhiteFideId "4194985"]
[BlackFideId "2801795"]
[WhiteElo "2546"]
[BlackElo "2491"]
[Result "0-1"]
[Round "06"]
[TimeControl "180+1"]
[Date "2022.11.30"]
[WhiteClock "0:00:01"]
[BlackClock "0:00:08"]

1. e4 g6 2. d4 Bg7 3. Nf3 d6 4. Nc3 a6 5. g3 b5 6. Bg2 Bb7 7. O-O Nd7 8. Re1 c5 9. e5 cxd4 10. e6 fxe6 11. Nxd4 Bxg2 12. Nxe6 Qc8 13. Nxg7+ Kf7 14. Kxg2 Kxg7 15. Qd4+ Ndf6 16. Bg5 Qc6+ 17. Kg1 e5 18. Qd3 h6 19. Bxf6+ Nxf6 20. Rad1 Rhd8 21. f4 Rac8 22. a3 Qb6+ 23. Qe3 Qxe3+ 24. Rxe3 exf4 25. Re7+ Kf8 26. Ra7 Rc6 27. Rf1 g5 28. gxf4 g4 29. Re1 Re8 30. Rxe8+ Kxe8 31. Kf2 d5 32. Ke3 Rc4 33. Kd3 Rxf4 34. Rxa6 h5 35. Nxb5 h4 36. Ke3 Rf3+ 37. Ke2 Kf7 38. Nd6+ Kg7 39. b4 Rh3 40. Nf5+ Kg6 41. Ne3 Kg5 42. Nf1 Rc3 43. Kd2 Ne4+ 44. Kd1 Rf3 45. Ke1 Rf2 46. c4 dxc4 47. Re6 Kf5 48. Re8 c3 49. Rf8+ Ke5 50. Rxf2 Nxf2 51. Ne3 g3 52. hxg3 hxg3 53. Ke2 Ke4 54. b5 Nd3 55. b6 Nf4+ 56. Kd1 Kxe3 57. b7 g2 58. b8=Q g1=Q+ 59. Kc2 Qh2+ 60. Kb1 c2+ 61. Kc1 Nd3# 0-1


[Site "https://www.chess.com"]

[Event "Titled Tuesday Blitz November 29 Late 2022"]
[White "Perez Rodriguez, Jennifer"]
[Black "Pace, Christopher"]
[WhiteFideId "3507831"]
[BlackFideId "2610167"]
[WhiteElo "2170"]
[BlackElo "2314"]
[Result "0-1"]
[Round "06"]
[TimeControl "180+1"]
[Date "2022.11.30"]
[WhiteClock "0:00:12"]
[BlackClock "0:00:18"]

1. e4 e5 2. Nf3 Nc6 3. Bc4 Nf6 4. d3 Bc5 5. c3 d6 6. O-O O-O 7. a4 a5 8. Be3 Bxe3 9. fxe3 Be6 10. Nbd2 Re8 11. Bb5 Bd7 12. Qc2 Ne7 13. Nh4 c6 14. Bc4 d5 15. exd5 cxd5 16. Bb3 Qb6 17. Rae1 Ng4 18. d4 Qh6 19. Nhf3 e4 20. Nxe4 dxe4 21. Qxe4 Ng6 22. Qxb7 Be6 23. Bxe6 fxe6 24. Qe4 Nf6 25. Qd3 e5 26. dxe5 Nxe5 27. Qf5 Nxf3+ 28. Rxf3 Rab8 29. Rf2 Rxe3 30. Rd1 Ree8 31. Rfd2 Qe3+ 32. Qf2 Qxf2+ 33. Rxf2 Ne4 34. Re2 Nc5 35. Rxe8+ Rxe8 36. Rd5 Nxa4 37. Rxa5 Nxb2 38. Rb5 Nd1 39. g3 Nxc3 40. Rc5 Ne2+ 41. Kf2 Nd4 42. Rd5 Ne6 43. Re5 Rf8+ 44. Ke3 Nc7 45. Ke4 Re8 46. Rxe8+ Nxe8 47. Ke5 Kf7 48. g4 Kg6 49. h4 h5 50. g5 Nc7 51. Kd6 Nb5+ 52. Ke6 Nc3 53. Ke7 Nd1 54. Ke6 Ne3 55. Ke5 Ng2 56. Ke4 Nxh4 57. Kf4 Nf5 0-1


[Site "https://www.chess.com"]

[Event "Titled Tuesday Blitz November 29 Late 2022"]
[White "Perez Torres, Nabi Isaias"]
[Black "Torres Dominguez, David"]
[WhiteFideId "5120373"]
[BlackFideId "2220857"]
[WhiteElo "1915"]
[BlackElo "2037"]
[Result "1-0"]
[Round "06"]
[TimeControl "180+1"]
[Date "2022.11.30"]
[WhiteClock "0:01:03"]
[BlackClock "0:00:17"]

1. d4 e5 2. e3 d6 3. c4 c6 4. Nc3 Nf6 5. d5 Qc7 6. e4 Be7 7. Be2 O-O 8. g4 Na6 9. g5 Nd7 10. h4 Nac5 11. b4 Na6 12. a3 f6 13. Bg4 Nb6 14. Bxc8 Raxc8 15. Nge2 Qd7 16. Be3 Nc7 17. dxc6 bxc6 18. Qb3 Kh8 19. Rd1 Qe6 20. Bxb6 axb6 21. g6 h6 22. Ng3 b5 23. Nf5 Rfe8 24. Qc2 Qxc4 25. Qd2 d5 26. Nxh6 dxe4 27. Nf7+ Kg8 28. h5 Rcd8 29. Nxd8 Rxd8 30. Qxd8+ Bxd8 31. Rxd8+ Ne8 32. Rxe8# 1-0


[Site "https://www.chess.com"]

[Event "Titled Tuesday Blitz November 29 Late 2022"]
[White "Pham, Khoi"]
[Black "Kim, Sergey"]
[WhiteFideId "1054988"]
[BlackFideId "13700570"]
[WhiteElo "2497"]
[BlackElo "2613"]
[Result "0-1"]
[Round "06"]
[TimeControl "180+1"]
[Date "2022.11.30"]
[WhiteClock "0:00:14"]
[BlackClock "0:00:19"]

1. e4 e5 2. Nf3 Nc6 3. Bc4 Bc5 4. c3 Nf6 5. d4 exd4 6. cxd4 Bb4+ 7. Nbd2 d5 8. exd5 Nxd5 9. O-O O-O 10. a3 Be7 11. Ne4 Bg4 12. Ng3 Bf6 13. Be3 Re8 14. Qb3 Na5 15. Qa2 Nxc4 16. Qxc4 Rxe3 17. fxe3 Nxe3 18. Qb3 Nxf1 19. Rxf1 Bxf3 20. Qxf3 Qxd4+ 21. Kh1 Qxb2 22. Nh5 Re8 23. h3 c6 24. Qg4 Bc3 25. Qd7 Rf8 26. Ng3 Be5 27. Nf5 Qe2 28. Rd1 g6 29. Nh6+ Kg7 30. Ng4 Bb2 31. Rb1 h5 32. Nh2 Qc2 33. Re1 Bc3 34. Rf1 Qe2 35. Rb1 Be5 36. Nf3 Bg3 37. Qxb7 Rd8 38. Qb3 Rd3 39. Qa4 Rxf3 40. gxf3 Qh2# 0-1


[Site "https://www.chess.com"]

[Event "Titled Tuesday Blitz November 29 Late 2022"]
[White "Pranav, V"]
[Black "Pap, Gyula"]
[WhiteFideId "25060783"]
[BlackFideId "725323"]
[WhiteElo "2430"]
[BlackElo "2519"]
[Result "0-1"]
[Round "06"]
[TimeControl "180+1"]
[Date "2022.11.30"]
[WhiteClock "0:00:02"]
[BlackClock "0:00:11"]

1. e4 e6 2. d3 c5 3. Nf3 Nc6 4. g3 g6 5. h4 h6 6. Bg2 Bg7 7. O-O Nge7 8. Re1 e5 9. Nc3 d6 10. Nd2 O-O 11. h5 Be6 12. hxg6 fxg6 13. Nc4 Qd7 14. Ne3 Nd4 15. Ncd5 Nxd5 16. exd5 Bh3 17. c3 Bxg2 18. Kxg2 Nf3 19. Rh1 Rf7 20. Qe2 Raf8 21. a4 b6 22. Nc4 Qg4 23. Qe3 Ng5 24. Nd2 Rxf2+ 25. Qxf2 Rxf2+ 26. Kxf2 c4 27. dxc4 e4 28. Rh4 Qf5+ 29. Ke2 Be5 30. a5 Bxg3 31. axb6 axb6 32. Ra8+ Kg7 33. Ra7+ Kf6 34. Rh1 Qg4+ 35. Kf1 e3 36. Nb3 Qf3+ 0-1


[Site "https://www.chess.com"]